 Dungeon Crawl Stone Soup version 0.28-a0-233-gb8ca4b6547 (webtiles) character file.

Game seed: 10256126286120515554

3097 Smaepdii the Covered (level 9, -2/71 HPs)
             Began as a Gnoll Wanderer on Aug 23, 2021.
             Was an Elder of Elyvilon.
             Succumbed to a killer bee's poison
             ... on level 7 of the Dungeon.
             The game lasted 00:32:04 (8759 turns).

Smaepdii the Covered (Gnoll Wanderer)               Turns: 8759, Time: 00:32:04

Health: -2/71      AC: 12    Str: 16    XL:     9   Next: 90%
Magic:  0/16       EV: 14    Int: 12    God:    Elyvilon [****..]
Gold:   268        SH:  0    Dex: 10    Spells: 17/17 levels left

rFire   + + .      SeeInvis .   q - +1 lajatang of Megalomania {vorpal, rF++ rCorr}
rCold   . . .      Faith    .   (shield currently unavailable)
rNeg    . . .      Spirit   +   m - +0 scale mail
rPois   .          Reflect  .   v - +1 helmet
rElec   .          Harm     .   (no cloak)
rCorr   +          Rampage  .   r - +0 pair of gloves
Will    .....                   A - +0 pair of boots
Stlth   +.........              g - amulet of guardian spirit
HPRegen 0.21/turn               h - +4 ring of evasion
MPRegen 0.15/turn               E - ring of flight

@: lethally poisoned (-2 -> -18), divinely protected, flying, hasted, very quick
A: fangs 1, strong nose, distributed training
a: Renounce Religion, Lesser Healing, Heal Other, Purification, Greater Healing,
Divine Protection


You were on level 7 of the Dungeon.
You worshipped Elyvilon.
Elyvilon was greatly pleased with you.
You visited 1 branch of the dungeon, and saw 7 of its levels.
You also visited: Ossuary.

You collected 333 gold pieces.
You spent 65 gold pieces at shops.

Inventory:

Hand Weapons
 a - a +2 dagger
 q - the +1 lajatang of Megalomania (weapon) {vorpal, rF++ rCorr}
   (You acquired it on level 7 of the Dungeon)

   It inflicts extra damage upon your enemies.
   rF:        It greatly protects you from fire.
   rCorr:     It protects you from acid and corrosion.
 x - a +2 great sword
Missiles
 b - a curare-tipped dart
 e - 6 poisoned darts
 j - 5 atropa-tipped darts
 z - 6 boomerangs (quivered)
Armour
 m - a +0 scale mail (worn)
 r - a +0 pair of gloves (worn)
 v - a +1 helmet (worn)
 A - a +0 pair of boots (worn)
Jewellery
 g - an amulet of guardian spirit (around neck)
 h - a +4 ring of evasion (left hand)
 u - a ring of fire
 E - a ring of flight (right hand)
Wands
 n - a wand of mindburst (3)
Scrolls
 f - a scroll of enchant armour
 k - 2 scrolls of vulnerability
 y - a scroll of teleportation
Potions
 i - 2 potions of ambrosia
 l - 4 potions of might
 o - a potion of berserk rage
 p - a potion of resistance
 t - 3 potions of flight
 w - a potion of brilliance


   Skills:
 + Level 6.6 Fighting
 + Level 4.7 Short Blades
 + Level 4.7 Long Blades
 + Level 4.7 Axes
 + Level 4.7 Maces & Flails
 + Level 4.7 Polearms
 + Level 6.6 Staves
 + Level 4.7 Slings
 + Level 4.7 Bows
 + Level 6.6 Crossbows
 + Level 5.4 Throwing
 + Level 6.6 Armour
 + Level 4.7 Dodging
 + Level 5.3 Stealth
 + Level 4.7 Shields
 + Level 4.7 Unarmed Combat
 + Level 4.7 Spellcasting
 + Level 3.9 Conjurations
 + Level 3.9 Hexes
 + Level 3.9 Summonings
 + Level 3.9 Necromancy
 + Level 3.9 Translocations
 + Level 3.9 Transmutations
 + Level 3.9 Fire Magic
 + Level 3.9 Ice Magic
 + Level 3.9 Air Magic
 + Level 3.9 Earth Magic
 + Level 3.9 Poison Magic
 + Level 5.1 Invocations
 + Level 4.7 Evocations


You had 17 spell levels left.
You didn't know any spells.
Your spell library contained the following spells:

 Spells                   Type           Power      Damage    Failure   Level
 Blade Hands              Tmut           6%         N/A       98%         5
 Irradiate                Conj/Tmut      6%         3d15      98%         5
 Dragon Form              Tmut           6%         N/A       100%        7


Dungeon Overview and Level Annotations

Branches:
Dungeon (7/15)             Temple (0/1) D:6         Ossuary (visited)

Altars:
Cheibriados
Dithmenos
Elyvilon
Hepliaklqana
Makhleb
Nemelex Xobeh
Qazlal
Ru
Xom
Yredelemnul

Shops:
D:1 *   D:3 !

Annotations:
D:6 3 runed translucent doors, Thraspic's ghost, novice BaHu


Innate Abilities, Weirdness & Mutations

You have very sharp teeth.
Your uncanny sense of smell can sniff out nearby items.
Your experience applies equally to all skills.


Message History

You feel sick. The killer bee closely misses you.
You feel sick.
The centaur shoots an arrow.
The arrow barely misses you. The killer bee stings you!
* * * LOW HITPOINT WARNING * * *
The killer bee closely misses you.
You feel purified!
The killer bee misses you. x2; The killer bee stings you.
* * * LOW HITPOINT WARNING * * *
You are poisoned.
The killer bee poisons you! The killer bee barely misses you.
The killer bee misses you.
Okay, then.
You beseech Elyvilon to protect your life.
You feel sick. The killer bee closely misses you.
The killer bee stings you but does no damage. x3
The centaur unwields a +0 shortbow.
The centaur hits you but does no damage.
The centaur misses you. The killer bee closely misses you.
The killer bee stings you but does no damage. x2
The killer bee misses you.
You feel sick. The killer bee misses you. The killer bee stings you.
* * * LOW HITPOINT WARNING * * *
You are lethally poisoned!
The killer bee poisons you!
* * * LOW HITPOINT WARNING * * *
You feel sick. The killer bee barely misses you.
The killer bee stings you but does no damage. x2
The killer bee barely misses you.
* * * LOW HITPOINT WARNING * * *
You feel sick. The killer bee closely misses you.
You feel yourself speed up.
* * * LOW HITPOINT WARNING * * *
You feel sick. The killer bee closely misses you. The killer bee stings you.
* * * LOW HITPOINT WARNING * * *
You are more poisoned.
The killer bee poisons you! The killer bee barely misses you. x2
The centaur hits you.
You can no longer call upon Elyvilon for divine vigour.
Elyvilon protects you from harm! The centaur completely misses you.
You die...

....#....#.......)...............
#....#.......##+###########+#
#....#.......# #......'
.##....#.......# #......#
<......#.......# #......#
.......#.......###### #.######
.......'............# # #.....
.####+##............# #..... ∆
#....yy@.....# #.....
#....y.......# #.....
#....cy......+ #.....
#............# #.....
#............# #.....
#............# #.....
#>...........# ##########+###


You could see a centaur and 4 killer bees.

Vanquished Creatures
  Grinder (D:4)
  A water moccasin (D:7)
  An orc warrior (D:5)
  A hornet zombie (D:6)
  An ice beast (D:7)
  2 ogres (D:6)
  3 sky beasts
  3 necrophages
  A centaur (D:7)
  Blork the orc (D:4)
  2 wyvern zombies
  5 water moccasin zombies
  A scorpion (D:6)
  A water moccasin skeleton (D:4)
  A killer bee (D:7)
  A wight (D:4)
  A crimson imp (D:5)
  3 hounds
  A jelly (D:5)
  A bullfrog zombie (D:6)
  2 centaur zombies
  A human zombie (D:4)
  4 orc priests
  3 bullfrog skeletons
  Jessica (D:2)
  3 iguanas
  6 orc wizards
  A hound zombie (D:4)
  A hound skeleton (D:5)
  6 mummies
  Robin (D:4)
  5 gnolls
  4 adders
  An ufetubus (D:4)
  9 adder zombies
  3 worms
  20 orcs
  5 endoplasms
  2 giant cockroaches
  4 gnoll zombies (Ossuary)
  13 goblins
  6 hobgoblins
  3 jackals
  2 quokkas
  6 ball pythons
  4 bats
  A frilled lizard (D:2)
  7 hobgoblin zombies (Ossuary)
  9 kobolds
  8 kobold zombies (Ossuary)
  3 orc zombies (Ossuary)
  2 rats (D:1)
178 creatures vanquished.

Vanquished Creatures (others)
  5 fungi
  3 plants (D:5)
8 creatures vanquished.

Grand Total: 186 creatures vanquished

Notes
Turn   | Place    | Note
-------+----------+-------------------------------------------
     0 | D:1      | Smaepdii the Gnoll Wanderer began the quest for the Orb.
     0 | D:1      | Smaepdii set off with the following items: a +2 dagger, a
                  | curare-tipped dart, a +0 quarterstaff, a potion of curing,
                  | a +0 robe
     0 | D:1      | Reached XP level 1. HP: 20/20 MP: 1/1
   417 | D:1      | Reached XP level 2. HP: 13/26 MP: 2/2
   771 | D:1      | Found Affeirph's Assorted Antiques.
   792 | D:1      | Reached XP level 3. HP: 20/31 MP: 1/3
  1146 | D:1      | Reached skill level 1 in Invocations
  1340 | D:2      | Found a faded altar of an unknown god.
  1346 | D:2      | Became a worshipper of Elyvilon the Healer
  1346 | D:2      | Reached * piety under Elyvilon
  1729 | D:2      | Noticed Jessica
  1733 | D:2      | Killed Jessica
  1734 | D:2      | Reached skill level 1 in Short Blades
  1734 | D:2      | Reached skill level 1 in Long Blades
  1734 | D:2      | Reached skill level 1 in Axes
  1734 | D:2      | Reached skill level 1 in Maces & Flails
  1734 | D:2      | Reached skill level 1 in Polearms
  1734 | D:2      | Reached skill level 1 in Slings
  1734 | D:2      | Reached skill level 1 in Bows
  1734 | D:2      | Reached skill level 1 in Dodging
  1734 | D:2      | Reached skill level 1 in Shields
  1734 | D:2      | Reached skill level 1 in Unarmed Combat
  1734 | D:2      | Reached skill level 1 in Spellcasting
  1734 | D:2      | Reached skill level 1 in Evocations
  1734 | D:2      | Reached XP level 4. HP: 34/38 MP: 5/5
  1734 | D:2      | Reached ** piety under Elyvilon
  2309 | D:3      | Found Lioqe's Distillery.
  2335 | D:3      | Bought a potion of heal wounds for 65 gold pieces
  2404 | D:3      | Reached skill level 1 in Conjurations
  2404 | D:3      | Reached skill level 1 in Hexes
  2404 | D:3      | Reached skill level 1 in Summonings
  2404 | D:3      | Reached skill level 1 in Necromancy
  2404 | D:3      | Reached skill level 1 in Translocations
  2404 | D:3      | Reached skill level 1 in Transmutations
  2404 | D:3      | Reached skill level 1 in Fire Magic
  2404 | D:3      | Reached skill level 1 in Ice Magic
  2404 | D:3      | Reached skill level 1 in Air Magic
  2404 | D:3      | Reached skill level 1 in Earth Magic
  2404 | D:3      | Reached skill level 1 in Poison Magic
  2475 | D:3      | Found a snail-covered altar of Cheibriados.
  2502 | D:3      | You fall into a shaft and drop 1 floor!
  2509 | D:4      | Reached XP level 5. HP: 41/43 MP: 5/7
  2532 | D:4      | Found a sparkling altar of Nemelex Xobeh.
  2600 | D:4      | Noticed Grinder
  2609 | D:4      | Paralysed by Grinder for 4 turns
  2638 | D:4      | Paralysed by Grinder for 5 turns
  2651 | D:4      | Killed Grinder
  2652 | D:4      | Reached skill level 5 in Fighting
  2652 | D:4      | Reached skill level 5 in Staves
  2652 | D:4      | Reached skill level 5 in Crossbows
  2652 | D:4      | Reached skill level 5 in Armour
  2652 | D:4      | Reached XP level 6. HP: 29/51 MP: 2/9
  2827 | D:4      | Found a shadowy altar of Dithmenos.
  2943 | D:4      | Found a sand-covered staircase.
  2950 | Ossuary  | Entered an ossuary
  2950 | Ossuary  | Reached *** piety under Elyvilon
  3081 | Ossuary  | Reached XP level 7. HP: 56/56 MP: 8/10
  3613 | D:4      | Noticed Robin
  3684 | D:4      | Killed Robin
  4060 | D:4      | Noticed Blork the orc
  4065 | D:4      | Killed Blork the orc
  4305 | D:4      | Reached XP level 8. HP: 61/62 MP: 12/12
  4396 | D:4      | Found a basalt altar of Yredelemnul.
  4660 | D:5      | Entered Level 5 of the Dungeon
  4892 | D:5      | Reached **** piety under Elyvilon
  4996 | D:5      | Found a hazy altar of Hepliaklqana.
  5538 | D:5      | Found a burning altar of Makhleb.
  5539 | D:5      | Found a shimmering altar of Xom.
  5995 | D:6      | Reached XP level 9. HP: 69/69 MP: 14/14
  6030 | D:6      | Found a stormy altar of Qazlal.
  6326 | D:6      | Found a staircase to the Ecumenical Temple.
  6940 | D:6      | Reached skill level 5 in Throwing
  7413 | D:6      | Found a runed translucent gate.
  7413 | D:6      | Found a runed translucent gate.
  7413 | D:6      | Found a runed translucent gate.
  7414 | D:6      | Noticed a kobold demonologist
  7425 | D:6      | Noticed Thraspic's ghost (novice BaHu)
  7674 | D:7      | Reached skill level 5 in Stealth
  7882 | D:7      | Reached ***** piety under Elyvilon
  8237 | D:7      | Reached skill level 5 in Invocations
  8626 | D:7      | Found a sacrificial altar of Ru.
  8720 | D:7      | Identified a scroll of acquirement
  8720 | D:7      | Acquired the +1 lajatang of Megalomania {vorpal, rF++
                  | rCorr}
  8758 | D:7      | HP: 1/71 [killer bee (3)]
  8758 | D:7      | Elyvilon protects you from harm!
  8759 | D:7      | Succumbed to a killer bee's poison

Illustrated notes

Levels and vault maps discovered:
D:1:      onia_arrival_mini_spirals, layout_rooms, serial_shops,
          nicolae_shop_window_shopping
D:2:      layout_loops_corners, dreamdust_ecumenical_altar_statues, uniq_jessica
D:3:      layout_basic, marbit_many_paths, serial_shops,
          nicolae_shop_temple_entry_statues_fountains, shop, shop_statue,
          minmay_misc_feat_plants
D:4:      layout_gridville, lemuel_mausoleum_altar_yredelemnul,
          mainiacjoe_overflow_chevrons, mainiacjoe_overflow_six_doors_small,
          chequers_ossuary_entry_cave, uniq_grinder, uniq_blork_the_orc,
          uniq_robin
D:5:      layout_basic, grunt_temple_overflow_champion_of_chaos,
          lemuel_doored_altar, serial_bayou_pond_c
D:6:      layout_loops_ring, mainiacjoe_overflow_tiny_flanked,
          minmay_temple_entry_proselytizer, gammafunk_ghost_nasty_kobolds,
          corexii_hall_statues_x
D:7:      layout_gridville, nicolae_ru_the_path_less_chosen

Skill      XL: |  1  2  3  4  5  6  7  8  9 |
---------------+----------------------------+-----
Invocations    | 1 2 3 4 5 |  5.1
Short Blades   | 1 2 3 4 |  4.7
Long Blades    | 1 2 3 4 |  4.7
Axes           | 1 2 3 4 |  4.7
Maces & Flails | 1 2 3 4 |  4.7
Polearms       | 1 2 3 4 |  4.7
Slings         | 1 2 3 4 |  4.7
Bows           | 1 2 3 4 |  4.7
Dodging        | 1 2 3 4 |  4.7
Shields        | 1 2 3 4 |  4.7
Unarmed Combat | 1 2 3 4 |  4.7
Spellcasting   | 1 2 3 4 |  4.7
Evocations     | 1 2 3 4 |  4.7
Conjurations   | 1 2 3 |  3.9
Hexes          | 1 2 3 |  3.9
Summonings     | 1 2 3 |  3.9
Necromancy     | 1 2 3 |  3.9
Translocations | 1 2 3 |  3.9
Transmutations | 1 2 3 |  3.9
Fire Magic     | 1 2 3 |  3.9
Ice Magic      | 1 2 3 |  3.9
Air Magic      | 1 2 3 |  3.9
Earth Magic    | 1 2 3 |  3.9
Poison Magic   | 1 2 3 |  3.9
Fighting       | 5 6 |  6.6
Staves         | 5 6 |  6.6
Crossbows      | 5 6 |  6.6
Throwing       | 3 4 5 |  5.4
Armour         | 5 6 |  6.6
Stealth        | 3 4 5 |  5.3

Action                   |  1- 3 |  4- 6 |  7- 9 || total
-------------------------+-------+-------+-------++-------
Melee: Quarterstaff      |    88 |   117 |   654 ||   859
       Dagger            |    15 |       |       ||    15
       Bite              |     5 |    12 |    58 ||    75
       Lajatang          |       |       |    11 ||    11
Throw: Dart              |       |     8 |     2 ||    10
       Boomerang         |       |       |    10 ||    10
Invok: Divine Protection |       |       |     1 ||     1
       Purification      |       |       |     1 ||     1
       Greater Healing   |       |       |     1 ||     1
Evoke: Wand              |       |       |    10 ||    10
  Use: Potion            |       |     1 |     6 ||     7
       Scroll            |       |       |    14 ||    14
 Stab: Sleeping          |     4 |       |       ||     4
       Invisible         |       |     2 |       ||     2
Armor: Robe              |    16 |       |       ||    16
       Scale mail        |       |    26 |   278 ||   304
       Ring mail         |       |     9 |       ||     9
Dodge: Dodged            |    79 |    62 |   475 ||   616

Table legend: (Time is in decaauts)
 A = Elapsed time spent in this place.
 B = Non-inter-level travel time spent in this place.
 C = Inter-level travel time spent in this place.
 D = Time resting spent in this place.
 E = Time spent auto-exploring this place.
 F = Levels seen in this place.
 G = Mean time per level.
                   A        B        C        D        E       F      G
               +--------+--------+--------+--------+--------+-----+--------+
         Total |   8790 |   8587 |    203 |   3082 |   3260 |   8 | 1098.8 |
       Dungeon |   8170 |   7967 |    203 |   2705 |   3260 |   7 | 1167.1 |
       Ossuary |    619 |    619 |      0 |    377 |      0 |   1 |  619.0 |
               +--------+--------+--------+--------+--------+-----+--------+

Top non-repeatable levels by time:
     D:4: 1672 daAuts
     D:5: 1565 daAuts
     D:6: 1302 daAuts
     D:1: 1292 daAuts
     D:7: 1119 daAuts
     D:2: 968 daAuts
 Ossuary: 619 daAuts
     D:3: 250 daAuts
